 Dungeon Crawl Stone Soup version 0.17-a0-802-g1f09329 (webtiles) character file.

2723 Hanyuu the Martial Artist (level 9, -6/57 HPs)
             Began as an Octopode Transmuter on Apr 27, 2015.
             Was a High Priest of Makhleb.
             Killed from afar by an orc wizard (9 damage)
             ... with a magic dart
             ... on level 7 of the Dungeon.
             The game lasted 00:46:51 (11277 turns).

Hanyuu the Martial Artist (Octopode Transmuter)    Turns: 11277, Time: 00:46:52

Health: -6/57      AC:  3    Str:  9    XL:     9   Next: 67%
Magic:  12/12      EV:  9    Int: 15    God:    Makhleb [*****.]
Gold:   389        SH:  0    Dex: 16    Spells: 4 memorised, 3 levels left

rFire  . . .     SeeInvis .     G - staff of cold (curse)
rCold  + . .     Clarity  .     (no shield)
rNeg   . . .     SustAb   .     e - +2 hat
rPois  .         Gourm    +     l - amulet of the gourmand
rElec  .         Spirit   .     (no ring)
rCorr  .         Warding  .     (no ring)
rMut   .         Stasis   .     (no ring)
MR     .....                    (no ring)
Stlth  ++........               (no ring)
                                (no ring)
                                (no ring)
                                (no ring)

@: not resistant to hostile enchantments, unstealthy
A: almost no armour, amphibious, 8 rings, constrict 8, camouflage 1, gelatinous
body 1
a: Minor Destruction, Lesser Servant of Makhleb, Major Destruction, Greater
Servant of Makhleb, Renounce Religion


You were on level 7 of the Dungeon.
You worshipped Makhleb.
Makhleb was extremely pleased with you.
You were not hungry.

You visited 1 branch of the dungeon, and saw 7 of its levels.

You collected 389 gold pieces.

Inventory:

Hand weapons
 b - a +0 blowgun
 q - a cursed +2 halberd of venom
 s - a +0 spear of venom
 v - a +2 dagger of electrocution
 w - a +3 whip
Missiles
 g - 92 arrows
 i - 43 sling bullets
 t - 10 tomahawks (quivered)
 A - 47 poisoned needles
 I - 6 needles of sleeping
Armour
 e - a +2 hat (worn)
Magical staves
 G - a cursed staff of cold (weapon)
Jewellery
 l - an amulet of the gourmand (around mantle)
 H - an uncursed ring of teleportation
Magical devices
 D - a wand of flame (19)
Scrolls
 d - a scroll of immolation
 u - a scroll of magic mapping
 x - a scroll of fear
 y - 2 scrolls of identify
 C - a scroll of fog
 E - a scroll of enchant armour
 J - a scroll of vulnerability {unknown}
Potions
 h - a potion of magic {unknown}
 j - a potion of curing
 n - 3 potions of brilliance
 o - a potion of mutation
 r - 2 potions of poison
 B - a potion of degeneration
 F - a potion of flight
Books
 m - a book of Changes

   Spells                             Type                      Level
   a - Beastly Appendage              Transmutation                1
   b - Sticks to Snakes               Transmutation                2
   c - Spider Form                    Transmutation/Poison         3
   d - Ice Form                       Ice/Transmutation            4
   e - Blade Hands                    Transmutation                5
 z - a book of Clouds

   Spells                             Type                      Level
   a - Mephitic Cloud                 Conjuration/Poison/Air       3
   b - Conjure Flame                  Conjuration/Fire             3
   c - Poisonous Cloud                Conjuration/Poison/Air       6
   d - Freezing Cloud                 Conjuration/Ice/Air          6
   e - Ring of Flames                 Charms/Fire                  7
Comestibles
 c - 5 bread rations
 f - 2 slices of pizza
 k - 3 fruits
 p - 3 meat rations


   Skills:
 - Level 3.4 Fighting
 - Level 1.1 Throwing
 - Level 4.0 Dodging
 * Level 10.8 Unarmed Combat
 - Level 2.0 Spellcasting
 + Level 4.6 Transmutations
 - Level 3.4 Invocations


You had 3 spell levels left.
You knew the following spells:

 Your Spells              Type           Power        Failure   Level  Hunger
a - Beastly Appendage     Trmt           ###...       3%          1    #......
b - Sticks to Snakes      Trmt           ###.......   6%          2    ###....
c - Spider Form           Trmt/Pois      #.........   30%         3    ###....
d - Conjure Flame         Conj/Fire      #.......     69%         3    ###....


Dungeon Overview and Level Annotations

Branches:
Dungeon (7/15)             Temple (0/1) D:4

Altars:
Cheibriados
Dithmenos
Gozag
Makhleb
Sif Muna
Xom
Yredelemnul

Annotations:
D:7 Pikel


Innate Abilities, Weirdness & Mutations

You cannot wear most types of armour.
You are amphibious.
You can wear up to eight rings at the same time.
You can use your tentacles to constrict eight enemies at once.
Your skin changes colour to match your surroundings (Stealth).
Your rubbery body absorbs attacks (AC +1).


Message History

The orc wizard blinks!
The centaur wields a shortbow.
The centaur shoots an arrow of frost.
The arrow of frost hits you! The arrow of frost freezes you.
The centaur shoots an arrow of frost.
The arrow of frost hits you! The arrow of frost freezes you.
The centaur shoots an arrow of frost.
The arrow of frost hits you! The arrow of frost freezes you.
You see here an arrow of frost.
The centaur shoots an arrow of frost.
The arrow of frost hits you!
* * * LOW HITPOINT WARNING * * *
The arrow of frost freezes you.
* * * LOW HITPOINT WARNING * * *
You see here an arrow of frost.
There is a stone staircase leading up here.
The centaur shoots an arrow of frost.
The arrow of frost hits you!
* * * LOW HITPOINT WARNING * * *
The arrow of frost freezes you.
* * * LOW HITPOINT WARNING * * *
The orc wizard gestures at you while chanting.
The magic dart hits you!
You die...

## #.## ##... ## ##...### .###
#....##.## ... ######
##....##..###.# ###.....
##.....# #..#..# ##.g.p.#
###......# #....# ##...##.#
..........###.@..#####...###.##
............#...)..##...###
#..# ...............####.....##
#..# .........o...(## ###..##
##.# #.........(## ##.## ##..
..##....##...## #..# #...
...........c..# ##.## ###>##
...............# #..###....#
...............# #......#..#


You could see a centaur and an orc wizard.

Vanquished Creatures
  Eustachio (D:4)
  2 phantoms
  2 ice beasts (D:5)
  A centaur (D:6)
  A slave (D:7)
  A necrophage (D:4)
  4 ogres
  A giant frog (D:6)
  2 wyvern skeletons (D:6)
  A scorpion (D:4)
  A goliath beetle (D:5)
  2 crimson imps
  5 hounds
  3 orc priests
  2 jellies (D:6)
  4 gnoll shamans (D:3)
  Ijyb (D:3)
  4 worker ants
  2 centaur skeletons
  4 orc wizards
  An iguana (D:6)
  A hound skeleton (D:6)
  32 gnolls (D:3)
  11 adders
  3 shadow imps
  An ooze (D:7)
  An adder zombie (D:7)
  A worm (D:4)
  23 orcs
  3 bat skeletons
  A bat zombie (D:6)
  11 hobgoblins
  16 jackals
  16 kobolds
  7 quokkas
  11 bats
  8 giant cockroaches
  4 giant geckos
  A giant gecko zombie (D:5)
  2 giant newts
  A giant spore (D:7)
  21 goblins
  A quokka skeleton (D:4)
  14 rats
  A ballistomycete (D:7)
236 creatures vanquished.

Vanquished Creatures (collateral kills)
  Menkaure (D:5)
1 creature vanquished.

Vanquished Creatures (others)
  A yak (D:6)
  A centaur (D:6)
  An electric eel (D:6)
  A goblin (D:6)
  2 hobgoblins (D:6)
  A giant spore (D:7)
  A rat (D:6)
8 creatures vanquished.

Grand Total: 245 creatures vanquished

Notes
Turn   | Place    | Note
--------------------------------------------------------------
     0 | D:1      | Hanyuu, the Octopode Transmuter, began the quest for the Orb.
     0 | D:1      | Reached XP level 1. HP: 13/13 MP: 3/3
   165 | D:1      | Reached XP level 2. HP: 16/18 MP: 5/5
   499 | D:2      | Reached skill level 4 in Unarmed Combat
   499 | D:2      | Reached XP level 3. HP: 21/23 MP: 6/6
   616 | D:2      | Found a burning altar of Makhleb.
   624 | D:2      | Became a worshipper of Makhleb the Destroyer
  1089 | D:2      | Learned a level 2 spell: Sticks to Snakes
  1093 | D:2      | Learned a level 3 spell: Spider Form
  1136 | D:2      | Found an opulent altar of Gozag.
  1479 | D:2      | Reached skill level 5 in Unarmed Combat
  1479 | D:2      | Reached XP level 4. HP: 18/28 MP: 7/7
  1605 | D:3      | Acquired Makhleb's first power
  1863 | D:3      | Reached XP level 5. HP: 33/33 MP: 8/8
  2465 | D:3      | Reached skill level 6 in Unarmed Combat
  2465 | D:3      | Reached XP level 6. HP: 32/41 MP: 9/9
  2722 | D:3      | Noticed an ogre
  2757 | D:3      | Killed an ogre
  2852 | D:3      | Acquired Makhleb's second power
  3049 | D:3      | Reached XP level 7. HP: 46/46 MP: 10/10
  3156 | D:3      | Reached skill level 1 in Throwing
  3454 | D:3      | Reached skill level 7 in Unarmed Combat
  3997 | D:3      | Acquired Makhleb's third power
  4631 | D:3      | Noticed Ijyb
  4651 | D:3      | Killed Ijyb
  4805 | D:4      | Noticed Eustachio
  5075 | D:4      | Found a staircase to the Ecumenical Temple.
  5170 | D:4      | Reached XP level 8. HP: 52/52 MP: 11/11
  5243 | D:4      | Reached skill level 8 in Unarmed Combat
  5243 | D:4      | Reached skill level 1 in Invocations
  5244 | D:4      | Acquired Makhleb's fourth power
  6128 | D:4      | Killed Eustachio
  6128 | D:4      | Reached skill level 9 in Unarmed Combat
  6305 | D:5      | Entered Level 5 of the Dungeon
  6326 | D:5      | Noticed Menkaure
  6378 | D:5      | Killed Menkaure
  6901 | D:5      | Found a shadowy altar of Dithmenos.
  7139 | D:5      | Found a basalt altar of Yredelemnul.
  7601 | D:5      | Found a snail-covered altar of Cheibriados.
  8002 | D:5      | Reached XP level 9. HP: 14/57 MP: 12/12
  8610 | D:6      | Acquired Makhleb's fifth power
  8636 | D:6      | Reached skill level 10 in Unarmed Combat
  8763 | D:6      | Found a shimmering altar of Xom.
  9345 | D:6      | Found a deep blue altar of Sif Muna.
  9553 | D:6      | Learned a level 3 spell: Conjure Flame
 10615 | D:7      | Found an opulent altar of Gozag.
 10891 | D:7      | Noticed Pikel
 11081 | D:7      | Noticed a hill giant
 11277 | D:7      | Killed from afar by an orc wizard

Action                   |  1- 3 |  4- 6 |  7- 9 || total
-------------------------+-------+-------+-------++-------
Melee: Unarmed           |    40 |     8 |   122 ||   170
       Dagger            |    27 |    55 |    68 ||   150
       Halberd           |       |       |   130 ||   130
       Staff             |       |       |    63 ||    63
 Fire: Blowgun           |       |    48 |    66 ||   114
Throw: Tomahawk          |       |     1 |     7 ||     8
 Cast: Spider Form       |       |     1 |     7 ||     8
       Sticks to Snakes  |       |       |     3 ||     3
       Beastly Appendage |       |       |     1 ||     1
Invok: Minor Destruction |       |       |     2 ||     2
  Use: Scroll            |     3 |     1 |    16 ||    20
 Stab: Sleeping          |     7 |     3 |    16 ||    26
       Distracted        |     1 |     1 |     2 ||     4
  Eat: Chunk             |     1 |     6 |    31 ||    38
       Beef jerky        |       |       |     1 ||     1
